 Dungeon Crawl Stone Soup version 0.26.0-45-g9c1d065592 (webtiles) character file.

Game seed: 8726703079226941954

2067 trckry the Bolt Thrower (level 9, 0/102 HPs)
             Began as a Barachi Hunter on Jan 31, 2021.
             Was an Initiate of Okawaru.
             Killed from afar by a steam dragon (12 damage)
             ... with a ball of steam
             ... on level 6 of the Dungeon.
             The game lasted 00:20:31 (8660 turns).

trckry the Bolt Thrower (Barachi Hunter)            Turns: 8660, Time: 00:20:31

Health: 0/102      AC: 28    Str: 17    XL:     9   Next: 26%
Magic:  11/11      EV:  2    Int: 12    God:    Okawaru [......]
Gold:   334        SH:  4    Dex: 12    Spells: 8/8 levels left

rFire    . . .     SeeInvis .   b - +5 hand axe
rCold    . . .     Faith    .   c - +0 buckler
rNeg     + + +     Spirit   .   (armour currently unavailable)
rPois    +         Reflect  .   (helmet currently unavailable)
rElec    .         Harm     .   (cloak currently unavailable)
rCorr    .         Rampage  .   (gloves currently unavailable)
Will     .....     NoTele   +   (boots currently unavailable)
Stlth    +.........             (no amulet)
HPRegen  0.27/turn              i - +4 ring of protection
MPRegen  0.12/turn              (no ring)

@: tree-form
A: +LOS, swims
a: Renounce Religion


You were on level 6 of the Dungeon.
You worshipped Okawaru.
Okawaru was noncommittal.
You were a tree.
You visited 2 branches of the dungeon, and saw 8 of its levels.

You collected 334 gold pieces.

Inventory:

Hand Weapons
 a - a +1 hand crossbow
 b - a +5 hand axe (weapon)
Missiles
 d - 8 bolts
 q - 8 poisoned darts (quivered)
Armour
 c - a +0 buckler (worn)
 m - a +2 cloak (melded)
 n - a +0 chain mail (melded)
 o - a +1 pair of gloves (melded)
 x - a +0 helmet (melded)
Jewellery
 i - a +4 ring of protection (left branch)
 t - an uncursed ring of protection from cold {unknown}
 y - an uncursed ring of flight {unknown}
Wands
 f - a wand of iceblast (9)
 v - a wand of disintegration (12)
Scrolls
 g - a scroll of enchant armour
 j - a scroll of immolation
 k - 2 scrolls of identify
 s - 2 scrolls of remove curse
 u - 3 scrolls of teleportation
Potions
 e - 4 potions of curing
 h - a potion of resistance {unknown}
 l - 2 potions of brilliance
 p - a potion of lignification
 r - a potion of might
 w - a potion of attraction {unknown}
 z - a potion of invisibility


   Skills:
 + Level 5.3 Fighting
 + Level 4.4 Staves
 * Level 7.1 Crossbows
 + Level 4.6 Armour
 + Level 4.7 Dodging
 - Level 0.8 Stealth
 + Level 2.5 Shields
 + Level 3.4 Invocations
 + Level 4.2 Evocations


You had 8 spell levels left.
You didn't know any spells.
Your spell library contained the following spells:

 Spells                   Type           Power        Failure   Level
 Corona                   Hex            0%           36%         1
 Magic Dart               Conj           0%           36%         1
 Blink                    Tloc           N/A          52%         2
 Call Imp                 Summ           0%           52%         2
 Slow                     Hex            0%           52%         2
 Conjure Flame            Conj/Fire      0%           75%         3
 Inner Flame              Hex/Fire       0%           75%         3
 Mephitic Cloud           Conj/Pois/Air  0%           75%         3
 Portal Projectile        Hex/Tloc       0%           75%         3
 Cause Fear               Hex            0%           98%         4
 Leda's Liquefaction      Hex/Erth       0%           98%         4


Dungeon Overview and Level Annotations

Branches:
Dungeon (7/15)             Temple (1/1) D:6

Altars:
Ashenzari
Cheibriados
Dithmenos
Elyvilon
Fedhas
Gozag
Hepliaklqana
Makhleb
Nemelex Xobeh
Okawaru
Qazlal
Ru
Sif Muna
Trog
Uskayaw
Vehumet
Wu Jian
Xom
Yredelemnul
Zin
The Shining One

Shops:
D:4 }

Annotations:
D:6 1 runed translucent door, kaeus's ghost, novice OpEn
D:7 exclusion: door


Innate Abilities, Weirdness & Mutations

You can be seen from farther away. (+LOS)
You can swim through water.
((You cover ground slowly.))
((You can hop short distances.))


Message History

The steam dragon breathes steam at you. The ball of steam hits you!
* * * LOW HITPOINT WARNING * * *
You block the steam dragon's attack. The steam dragon claws you.
* * * LOW HITPOINT WARNING * * *
The steam dragon bites you but does no damage.
The steam dragon claws you but does no damage.
Really quaff the potion of lignification?
Really become a tree while standing in a cloud of steam?
You turn into a tree.
Your +2 cloak melds into your body.
Your +0 helmet melds into your body.
Your +1 pair of gloves melds into your body.
Your +0 chain mail melds into your body.
Your roots penetrate the ground.
You are engulfed in a cloud of scalding steam.
The steam dragon bites you but does no damage.
The steam dragon claws you but does no damage.
The steam dragon breathes steam at you. The ball of steam hits you!
You die...

.###.###### #.# #.#.# #.#
..........# #.# #...# #..
..##.####.# #.# ###.# ###
>....# #.# #.# #### ..#
###..# #.# #.# #..≈## #.#
.########.# #.# #P.^.≈##
.≈.≈.^PP#########≈≈....P#
.........≈≈..^.≈≈D.....P#
###
≈P..P^.P......§§♣D.....≈#
##.##
.P≈.#######.≈.........$##
#.... .≈###
#######..≈.PP# ##.## ###
##..### #.# #### #.# #.#
#.# #.# #.# #.# ##.##
#.#########...#


You could see 2 steam dragons.

Vanquished Creatures
  A two-headed ogre (D:4)
  An ice beast (D:5)
  2 sky beasts
  An ogre (D:4)
  A bullfrog (D:5)
  A big kobold (D:7)
  4 wights (D:6)
  4 jellies
  3 hounds
  An orc priest (D:3)
  A bullfrog skeleton (D:5)
  3 orc wizards
  2 iguanas
  2 worker ants (D:5)
  A howler monkey skeleton (D:4)
  3 gnolls (D:2)
  10 adders
  A shadow imp (D:6)
  An ufetubus (D:5)
  10 oozes
  2 adder skeletons
  6 worms
  A dart slug (D:3)
  3 leopard geckos
  17 orcs
  A ball python (D:7)
  7 bats
  7 giant cockroaches
  9 goblins
  7 hobgoblins
  7 jackals
  14 kobolds
  2 quokkas
  3 frilled lizards
  A jackal zombie (D:6)
  A leopard gecko skeleton (D:3)
  A quokka skeleton (D:5)
  7 rats
149 creatures vanquished.

Vanquished Creatures (others)
  16 fungi
  6 toadstools (D:4)
22 creatures vanquished.

Grand Total: 171 creatures vanquished

Notes
Turn   | Place    | Note
-------+----------+-------------------------------------------
     0 | D:1      | trckry the Barachi Hunter began the quest for the Orb.
     0 | D:1      | Reached XP level 1. HP: 17/17 MP: 1/1
   352 | D:1      | Reached XP level 2. HP: 5/23 MP: 2/2
   875 | D:1      | You fall into a shaft and drop 1 floor!
   886 | D:2      | Reached XP level 3. HP: 16/28 MP: 3/3
  1188 | D:2      | Reached skill level 1 in Staves
  1271 | D:2      | Reached skill level 1 in Evocations
  1283 | D:2      | Reached skill level 1 in Armour
  1431 | D:2      | Reached XP level 4. HP: 34/34 MP: 4/4
  1511 | D:2      | Reached skill level 1 in Invocations
  2109 | D:3      | Reached XP level 5. HP: 26/41 MP: 5/5
  2567 | D:3      | Found a stormy altar of Qazlal.
  2577 | D:3      | HP: 6/41 [orc/+0 flail (2)]
  3514 | D:3      | Found an opulent altar of Gozag.
  3514 | D:3      | Found a shimmering altar of Xom.
  3621 | D:1      | Reached XP level 6. HP: 45/47 MP: 7/7
  3635 | D:1      | Reached skill level 5 in Crossbows
  4083 | D:4      | Found Puxtig's Gadget Shop.
  4115 | D:4      | HP: 7/47 [poisoned by an adder]
  4115 | D:4      | Noticed a two-headed ogre
  4120 | D:4      | HP: 7/47 [poisoned by an adder]
  4520 | D:4      | Killed a two-headed ogre
  4521 | D:4      | Reached skill level 6 in Crossbows
  4521 | D:4      | Reached XP level 7. HP: 55/55 MP: 8/8
  4521 | D:4      | Reached XP level 8. HP: 61/61 MP: 9/9
  5174 | D:4      | Found a broken altar of Ashenzari.
  5408 | D:5      | Entered Level 5 of the Dungeon
  5758 | D:5      | You fall into a shaft and drop 2 floors!
  5780 | D:7      | Reached skill level 1 in Shields
  6696 | D:5      | Reached skill level 5 in Fighting
  7057 | D:5      | HP: 9/62 [poisoned by a worker ant]
  7065 | D:5      | HP: 9/62 [poisoned by a worker ant]
  7472 | D:5      | Reached XP level 9. HP: 68/68 MP: 11/11
  7957 | D:6      | Found a staircase to the Ecumenical Temple.
  7976 | D:6      | Reached skill level 7 in Crossbows
  8000 | Temple   | Entered the Ecumenical Temple
  8138 | Temple   | Became a worshipper of Warmaster Okawaru
  8424 | D:6      | Noticed kaeus's ghost (novice OpEn)
  8426 | D:6      | Found a runed translucent door.
  8659 | D:6      | HP: 10/68 [steam dragon/ball of steam (14)]
  8660 | D:6      | Killed from afar by a steam dragon

Illustrated notes

Levels and vault maps discovered:
D:1:      minmay_arrival_solitary_statue, layout_rooms
D:2:      layout_basic, hangedman_glass_teeth, minmay_pentomino_v2
D:3:      layout_rooms, grunt_qazlal_clouds, gammafunk_temple_overflow_elements
D:4:      cheibrodos_fertilizer, layout_cave_pools, serial_column_ruins,
          column_ruins_hut, column_ruins_grid_1, column_ruins_open_tiny,
          column_ruins_corridor_T, column_ruins_columns_corner, serial_shops,
          shop, cheibrodos_ashenzari_chains
D:5:      layout_basic
D:6:      kennysheep_steamy, layout_loops_ring, minmay_temple_entry_large_hall,
          hellmonk_ghost_happy_afterlife
D:7:      minmay_opposing_rooms, layout_basic, serial_shops,
          nicolae_shop_overgrown_old_shop, uniq_prince_ribbit1
Temple:   regret_index_temple_mists

Skill      XL: |  1  2  3  4  5  6  7  8  9 |
---------------+----------------------------+-----
Staves         | 1 2 3 4 |  4.4
Evocations     | 1 3 4 |  4.2
Armour         | 1 2 3 4 |  4.6
Fighting       | 3 4 5 |  5.3
Invocations    | 1 2 3 |  3.4
Crossbows      | 6 7 |  7.1
Dodging        | 3 4 |  4.7
Shields        | 1 2 |  2.5
Stealth        | |  0.8

Action                   |  1- 3 |  4- 6 |  7- 9 || total
-------------------------+-------+-------+-------++-------
Melee: Short sword       |    63 |   153 |   459 ||   675
       Hand axe          |       |       |    26 ||    26
       Hand crossbow     |       |       |     1 ||     1
 Fire: Hand crossbow     |    35 |    82 |    91 ||   208
 Abil: Hop               |     1 |     2 |     2 ||     5
  Use: Scroll            |       |     8 |     6 ||    14
       Potion            |       |     2 |     5 ||     7
 Stab: Sleeping          |     1 |       |       ||     1
Armor: Leather armour    |    32 |    71 |       ||   103
       Chain mail        |       |       |   360 ||   360
       Skin              |       |       |     3 ||     3
Dodge: Dodged            |    47 |   171 |   173 ||   391
Block: Buckler           |       |       |    83 ||    83
